 Dungeon Crawl Stone Soup version 0.30.1-4-g462c640d31 (webtiles) character file.

Game seed: 8891301684272922971

122479 LynnLen the Unseen (level 16, -5/86 HPs)
             Began as a Spriggan Enchanter on Aug 14, 2023.
             Was the Champion of Dithmenos.
             Killed from afar by a guardian serpent (19 damage)
             ... with a bolt of poison
             ... on level 3 of the Snake Pit on Aug 15, 2023.
             The game lasted 02:08:44 (39018 turns).

LynnLen the Unseen (Spriggan Enchanter)            Turns: 39018, Time: 02:08:45

Health: -5/86      AC: 15    Str:  8    XL:     16   Next: 34%
Magic:  18/33      EV: 24    Int: 21    God:    Dithmenos [******]
Gold:   2000       SH:  0    Dex: 17    Spells: 16/40 levels left

rFire   . . .        r - +9 short sword (elec)
rCold   . . .        (no shield)
rNeg    . . .        z - +0 acid dragon scales
rPois   .            (helmet restricted)
rElec   .            e - +2 cloak {rCorr}
rCorr   +            (gloves unavailable)
SInv    +            (boots unavailable)
Will    ++...        Q - amulet of magic regeneration Stlth *+++++++++
                     S - ring of Tytecwih {Drain AC+4 Int+2 Slay+3}
HPRegen 0.34/turn    N - ring of the Mage {Wiz Archmagi}
MPRegen 0.63/turn

%: wizardry (x1), archmagi
@: lethally poisoned (-5 -> -23), wreathed by umbra, very quick
A: very small, no large weapons, unfitting armour, see invisible, speed 3
a: Renounce Religion, Shadow Step, Shadow Form


You were on level 3 of the Snake Pit.
You worshipped Dithmenos.
Dithmenos was exalted by your worship.
You visited 5 branches of the dungeon, and saw 26 of its levels.

You collected 3200 gold pieces.
You spent 1200 gold pieces at shops.

Inventory:

Hand Weapons
 c - the +9 sword of Zonguldrok {reap}
   (You bought it in a shop on level 2 of the Orcish Mines)
 r - a +9 short sword of electrocution (weapon)
Missiles
 q - 7 curare-tipped darts
Armour
 e - a +2 cloak of preservation (worn)
 z - +0 acid dragon scales (worn)
 C - a +2 robe of willpower
Jewellery
 g - a ring of fire
 u - a ring of poison resistance
 v - a ring of positive energy
 B - an amulet of reflection
 D - a ring of willpower
 I - a ring of resist corrosion
 N - the ring of the Mage (right hand) {Wiz Archmagi}
   (You found it on level 3 of the Lair of Beasts)

   [ring of wizardry]

   It improves your spell success rate.
   Archmagi:  It increases the power of your magical spells.
 O - a ring of flight
 Q - an amulet of magic regeneration (around neck)
 S - the ring of Tytecwih (left hand) {Drain AC+4 Int+2 Slay+3}
   (You found it on level 12 of the Dungeon)

   [ring of protection]

   AC:        It affects your AC (+4).
   Int:       It affects your intelligence (+2).
   Slay:      It affects your accuracy & damage with ranged weapons and melee
   (+3).
   Drain:     It drains your maximum health when unequipped.
 T - a +6 ring of intelligence
 U - a ring of positive energy
Wands
 a - a wand of digging (15)
 b - a wand of paralysis (12)
 n - a wand of polymorph (14)
 t - a wand of mindburst (19)
 F - a wand of iceblast (11)
 L - a wand of flame (38)
Scrolls
 k - 10 scrolls of teleportation
 s - 2 scrolls of summoning
 w - 7 scrolls of poison
 x - 6 scrolls of fog
 E - 6 scrolls of fear
 G - 4 scrolls of vulnerability
 H - a scroll of magic mapping
 J - 6 scrolls of amnesia
 P - 2 scrolls of enchant armour
 R - a scroll of immolation
 W - a scroll of torment
 X - a scroll of brand weapon
Potions
 d - 3 potions of haste
 f - 2 potions of might
 h - 5 potions of curing
 i - 3 potions of attraction
 j - 2 potions of flight
 l - 2 potions of resistance
 m - 3 potions of mutation
 o - 3 potions of magic
 p - 4 potions of lignification
 A - 2 potions of brilliance
 K - a potion of cancellation
 M - 2 potions of ambrosia
 V - 2 potions of invisibility
 Z - 2 potions of berserk rage
Miscellaneous
 y - a phial of floods


   Skills:
 * Level 10.7 Fighting
 - Level 10.0(10.5) Short Blades
 + Level 4.1(6.4) Long Blades
 + Level 6.3 Armour
 + Level 13.8 Dodging
 + Level 16.5 Stealth
 + Level 12.6 Spellcasting
 - Level 11.0 Hexes
 - Level 5.2 Necromancy
 + Level 12.1 Transmutations
 - Level 4.0 Ice Magic
 + Level 6.5 Air Magic


You had 16 spell levels left.
You knew the following spells:

 Your Spells              Type           Power      Damage    Failure   Level
a - Ensorcelled Hibernat  Hex/Ice        100%       N/A       1%          2
b - Confusing Touch       Hex            73%        N/A       1%          3
c - Tukima's Dance        Hex            73%        N/A       1%          3
d - Anguish               Hex/Necr       31%        N/A       1%          4
e - Yara's Violent Unrav  Hex/Tmut       37%        3d15      1%          5
f - Storm Form            Tmut/Air       34%        N/A       47%         7

Your spell library contained the following spells:

 Spells                   Type           Power      Damage    Failure   Level
 Kiss of Death            Conj/Necr      100%       2d13      1%          1
 Shock                    Conj/Air       100%       1d9       1%          1
 Dazzling Flash           Conj/Hex       100%       N/A       1%          3
 Ignite Poison            Fire/Tmut/Pois 45%        N/A       1%          3
 Ozocubu's Armour         Ice            45%        N/A       1%          3
 Spider Form              Tmut/Pois      55%        N/A       1%          3
 Swiftness                Air            57%        N/A       1%          3
 Ice Form                 Ice/Tmut       63%        N/A       1%          4
 Blade Hands              Tmut           38%        N/A       1%          5
 Vhi's Electric Charge    Tloc/Air       80%        N/A       2%          3
 Airstrike                Air            28%        2d(5-21)  2%          4
 Silence                  Hex/Air        33%        N/A       2%          5
 Fulminant Prism          Conj/Hex       26%        3d14      3%          4
 Leda's Liquefaction      Hex/Erth       26%        N/A       3%          4
 Scorch                   Fire           38%        2d6       4%          2
 Hailstorm                Conj/Ice       32%        3d8       4%          3
 Metabolic Englaciation   Hex/Ice        30%        N/A       4%          5
 Irradiate                Conj/Tmut      27%        3d20      8%          5
 Summon Lightning Spire   Summ/Air       40%        N/A       9%          4
 Stone Arrow              Conj/Erth      38%        3d9       10%         3
 Volatile Blastmotes      Fire/Tloc      38%        2d13      10%         3
 Arcjolt                  Conj/Air       20%        1d30      22%         5
 Animate Armour           Summ/Erth      38%        N/A       30%         4
 Iskenderun's Mystic Bla  Conj/Tloc      19%        2d6       30%         4
 Manifold Assault         Tloc           19%        N/A       30%         4
 Passage of Golubria      Tloc           19%        N/A       30%         4
 Sticky Flame             Conj/Fire      19%        2d4       30%         4
 Eringya's Noxious Bog    Tmut/Pois      27%        N/A       36%         6
 Simulacrum               Ice/Necr       24%        N/A       56%         6
 Lee's Rapid Deconstruct  Erth           9%         3d7*      61%         5
 Summon Forest            Summ/Tloc      9%         N/A       61%         5
 Conjure Ball Lightning   Conj/Air       20%        3x3d6     75%         6
 Dispersal                Tloc           9%         N/A       99%         6
 Iron Shot                Conj/Erth      9%         9d3       99%         6
 Starburst                Conj/Fire      9%         6d5       99%         6
 Summon Hydra             Summ           9%         N/A       100%        7
 Disjunction              Tloc           9%         N/A       100%        8
 Ignition                 Fire           9%         3d5       100%        8
 Lehudib's Crystal Spear  Conj/Erth      9%         10d4      100%        8
 Maxwell's Capacitive Co  Air            28%        ∞         100%        8


Dungeon Overview and Level Annotations

Branches:
Dungeon (15/15)            Temple (1/1) D:6            Lair (5/5) D:11
 Shoals (0/4) Lair:2        Snake (3/4) Lair:3        Slime (0/5) Lair:4
    Orc (2/2) D:9             Elf (0/3) Orc:2        Vaults (0/5) D:14
 Depths (0/4) D:15

Altars:
Ashenzari
Cheibriados
Dithmenos
Elyvilon
Fedhas
Gozag
Hepliaklqana
Kikubaaqudgha
Makhleb
Nemelex Xobeh
Okawaru
Qazlal
Ru
Sif Muna
Trog
Vehumet
Wu Jian
Xom
Yredelemnul
Zin
The Shining One
Jiyva

Shops:
Orc:2 !(([[=(

Annotations:
D:2 Natasha
D:4 Menkaure
D:7 1 runed translucent door, Tirrikindir's ghost, novice OpFi
D:8 exclusion: orange crystal statue
D:11 2 transporters, Babbit's ghost, journeyman MiFi
Lair:2 2 runed translucent doors, Jingleheimer's ghost, journeyman OpTm
Lair:4 1 runed translucent door, Ruwaz's ghost, journeyman SpRe


Innate Abilities, Weirdness & Mutations

You are very small and have problems with some larger weapons.
You are too small for most types of armour.
You have supernaturally acute eyesight. (SInv)
You cover ground extremely quickly. (Speed+++)


Message History

You completely miss the naga warrior.
Your shadow barely misses the naga warrior.
You feel sick.
You feel sick.
The naga warrior hits you but does no damage.
The naga warrior completely misses you.
You feel sick.
The guardian serpent coils itself and waves its upper body at you.
The bolt of poison hits you!
You are more poisoned.
You feel sick. The naga warrior spits poison at you.
The splash of poison misses you.
You feel very sick.
You feel sick.
You feel sick.
The guardian serpent casts a spell at you.
The naga warrior blinks!
The naga blinks!
You feel sick.
The naga warrior hits you from afar with a +0 halberd!
* * * LOW HITPOINT WARNING * * *
You feel sick. The naga warrior spits poison at you.
The splash of poison misses you.
You feel sick.
You feel sick.
Aiming: Yara's Violent Unravelling (dangerous; 1% risk of failure)
Press: ? - help, Q - select action, (/) - cycle Dir - move target, f - naga
Aim: a naga, wearing a +0 robe (severely wounded, strong, misshapen and mutated, umbra)
You feel a surge of power!
The naga's magical effects unravel!
The enchantments explode!
The naga twists and deforms.
The unravelling engulfs the naga!!!
You kill the naga!
Dithmenos accepts your kill.
Your shadow mimicks your spell!
You feel sick.
The guardian serpent coils itself and waves its upper body at you.
The bolt of poison hits you!!
You are lethally poisoned!
You die...

#.......§..# .~≈≈≈~...
#######....# .~~~~~.~≈
#....# ....~~.~≈
#######.####### ~≈~.~~.~~
#.......S.....# ≈≈≈....~.
#......N......###########>..
#.........[...#...........#.
#.............#...........#.
#..........@..#.........).#.
#.............#.÷........)#.
##...........)............#.
###########.##..........)#.
#.##.........).#.
#.##........).[#.
#<##..[........#.
##############<#. ####


You could see a naga warrior (catching breath) and a guardian serpent
(misshapen).

Vanquished Creatures
  Saint Roka (Orc:2)
  2 orc warlords (Orc:1)
  A stone giant (D:15)
  Nessos (Orc:2)
  Snorg (Orc:1)
  A salamander tyrant (Snake:3)
  2 catoblepae
  4 anacondas
  A hydra (Lair:5)
  Erolcha (D:10)
  A two-headed ogre (D:11)
  3 vault guards (D:14)
  A boulder beetle (Lair:5)
  A death knight (D:14)
  6 centaur warriors
  3 naga warriors
  3 orc high priests
  4 tengu warriors
  3 death yaks (Lair:2)
  6 naga sharpshooters (Snake:1)
  Urug (Lair:1)
  Sonja (D:10)
  3 shock serpents (Snake:3)
  A salamander mystic (Snake:1)
  2 skysharks (Lair:4)
  Amaemon (Lair:2)
  Lodul (D:11)
  3 skeletal warriors (D:12)
  A naga ritualist (Snake:2)
  A lindwurm (Lair:5)
  4 deep elf pyromancers
  2 harpies (Lair:2)
  A deep elf archer (Orc:1)
  Pikel (D:7)
  3 orc sorcerers (Orc:1)
  An orc knight (D:15)
  A wolf spider (D:12)
  A lindwurm (shapeshifter) (D:12)
  5 mana vipers (Snake:2)
  15 ugly things
  6 cyclopes
  4 salamanders
  6 manticores
  2 guardian serpents (Snake:1)
  3 naga magi (Snake:1)
  19 black mambas
  13 elephants
  An orange demon (Lair:2)
  2 gargoyles
  10 cane toads
  An unseen horror (D:12)
  3 rime drakes
  2 komodo dragons
  An efreet (D:14)
  2 kobold demonologists (D:10)
  2 tengu conjurers (D:15)
  2 freezing wraiths
  7 polar bears
  3 hornets
  9 trolls
  6 dream sheep
  10 slime creatures
  3 dancing weapons
  A shadow (D:11)
  12 spriggans (Lair:5)
  3 wyverns (Lair:3)
  73 yaks
  A wraith (D:14)
  Grum (Lair:1)
  2 basilisks
  3 humans (D:10)
  Eustachio (D:4)
  10 vampire mosquitoes
  25 nagas
  5 steam dragons
  3 wargs (Orc:1)
  4 acid dragons
  10 water moccasins
  24 orc warriors
  6 black bears
  2 ice beasts
  5 boggarts (Lair:5)
  2 sky beasts (D:7)
  14 ogres
  25 wolves
  7 centaurs
  2 phantoms
  3 kobold brigands
  Blork the orc (D:5)
  20 bullfrogs
  3 scorpions
  5 wights
  11 killer bees
  5 electric eels
  4 howler monkeys
  4 crimson imps (D:12)
  11 jellies (Lair:4)
  3 hounds
  Crazy Yiuf (D:2)
  2 gnoll boudas (D:7)
  19 orc priests
  3 sleepcaps
  4 iguanas
  15 orc wizards
  11 adders
  10 gnolls
  A shadow imp (D:8)
  A white imp (D:7)
  An ufetubus (D:7)
  5 dart slugs
  75 orcs
  4 bats
  5 endoplasms
  2 giant cockroaches
  8 goblins
  9 hobgoblins
  4 jackals
  24 kobolds
  4 quokkas
  6 ball pythons
  5 frilled lizards
  5 rats
747 creatures vanquished.

Vanquished Creatures (collateral kills)
  A vault guard (D:14)
  5 tengu warriors
  A two-headed ogre (D:6)
  A naga sharpshooter (Snake:2)
  A salamander (Snake:3)
  A naga mage (Snake:1)
  Psyche (D:9)
  A naga (Snake:1)
  6 orc warriors
  An ogre (D:11)
  A centaur (D:11)
  A gnoll sergeant (D:8)
  A hound (D:5)
  2 orc priests (Orc:2)
  2 orc wizards (Orc:2)
  5 gnolls
  9 orcs
  A kobold (D:7)
41 creatures vanquished.

Vanquished Creatures (others)
  An elephant (Lair:5)
  A rime drake (Lair:3)
  21 dancing weapons
  2 wolves (Lair:5)
  An orc wizard (Orc:2)
  A gnoll (D:7)
27 creatures vanquished.

Grand Total: 815 creatures vanquished

Notes
Turn   | Place    | Note
-------+----------+-------------------------------------------
     0 | D:1      | LynnLen the Spriggan Enchanter began the quest for the Orb.
     0 | D:1      | Reached XP level 1. HP: 9/9 MP: 5/5
   461 | D:1      | Reached XP level 2. HP: 11/13 MP: 6/6
   575 | D:1      | Learned a level 2 spell: Ensorcelled Hibernation
  1265 | D:2      | Reached XP level 3. HP: 14/17 MP: 0/8
  1349 | D:2      | Found a faded altar of an unknown god.
  1349 | D:2      | Noticed an orange demon
  1511 | D:2      | Found a runed translucent door.
  1512 | D:2      | Noticed Crazy Yiuf
  1519 | D:2      | Killed Crazy Yiuf
  1601 | D:2      | Reached skill level 1 in Fighting
  1601 | D:2      | Reached XP level 4. HP: 19/22 MP: 2/9
  1666 | D:2      | Reached skill level 5 in Stealth
  1878 | D:2      | Learned a level 3 spell: Confusing Touch
  1882 | D:2      | Learned a level 3 spell: Tukima's Dance
  2121 | D:2      | Noticed Natasha
  3210 | D:4      | Identified a scroll of acquirement
  3210 | D:4      | Acquired the Volume of Captivating Blows
  3253 | D:4      | Reached XP level 5. HP: 20/25 MP: 5/11
  3318 | D:4      | Noticed Eustachio
  3325 | D:4      | Killed Eustachio
  3326 | D:4      | Reached skill level 5 in Hexes
  3326 | D:4      | Reached skill level 1 in Ice Magic
  3326 | D:4      | Reached XP level 6. HP: 30/30 MP: 12/12
  3357 | D:4      | Noticed Menkaure
  3555 | D:4      | Reached skill level 6 in Stealth
  3738 | D:4      | Reached XP level 7. HP: 9/34 MP: 6/14
  4282 | D:5      | Entered Level 5 of the Dungeon
  4559 | D:5      | Found an ornate altar of the Wu Jian Council.
  4559 | D:5      | Found a glowing golden altar of the Shining One.
  4860 | D:5      | Noticed Blork the orc
  4871 | D:5      | Killed Blork the orc
  4899 | D:5      | Reached XP level 8. HP: 39/39 MP: 10/15
  4990 | D:6      | Reached skill level 5 in Dodging
  4990 | D:6      | Reached skill level 7 in Stealth
  5268 | D:6      | Noticed a two-headed ogre
  5424 | D:6      | Reached skill level 5 in Spellcasting
  5608 | D:6      | Killed a two-headed ogre
  5609 | D:6      | Reached skill level 8 in Stealth
  5609 | D:6      | Reached XP level 9. HP: 37/44 MP: 8/18
  5704 | D:6      | Found a staircase to the Ecumenical Temple.
  6036 | Temple   | Entered the Ecumenical Temple
  6123 | Temple   | Became a worshipper of Dithmenos the Shadowed
  6376 | D:7      | Noticed a manticore
  6809 | D:7      | Reached skill level 5 in Short Blades
  6812 | D:7      | Found a runed translucent door.
  6813 | D:7      | Noticed Tirrikindir's ghost (novice OpFi)
  7308 | D:7      | Reached * piety under Dithmenos
  7309 | D:7      | Reached skill level 9 in Stealth
  7324 | D:7      | Learned a level 4 spell: Anguish
  7330 | D:7      | Learned a level 5 spell: Yara's Violent Unravelling
  7478 | D:7      | Killed a manticore
  7479 | D:7      | Reached skill level 1 in Transmutations
  8000 | D:7      | Reached skill level 1 in Necromancy
  8083 | D:7      | You fall into a shaft and drop 3 floors!
  8083 | D:10     | Entered Level 10 of the Dungeon
  8106 | D:10     | Reached XP level 10. HP: 40/50 MP: 17/20
  8254 | D:10     | Noticed a sixfirhy
  8440 | D:9      | Found a shimmering blue altar of Sif Muna.
  8488 | D:9      | Found a staircase to the Orcish Mines.
  9369 | D:7      | Got Sif Muna's Enchiridion on Translocational Violence
  9483 | D:7      | Noticed Pikel
  9518 | D:7      | Killed Pikel
  9695 | D:7      | Reached ** piety under Dithmenos
  9973 | D:8      | Noticed an orange crystal statue
 10164 | D:8      | Reached skill level 10 in Stealth
 10506 | D:8      | Reached XP level 11. HP: 50/54 MP: 19/23
 10550 | D:8      | Reached skill level 5 in Fighting
 11383 | D:9      | Learned a level 7 spell: Storm Form
 11770 | D:9      | Reached *** piety under Dithmenos
 11770 | D:9      | Noticed Psyche
 11879 | D:9      | Killed Psyche
 11880 | D:9      | Reached skill level 5 in Transmutations
 12658 | D:10     | Reached skill level 11 in Stealth
 12721 | D:10     | Noticed Erolcha
 12755 | D:10     | Killed Erolcha
 13142 | D:10     | Noticed Sonja
 13144 | D:10     | Killed Sonja
 13145 | D:10     | Reached skill level 1 in Armour
 13200 | D:11     | Found a transporter.
 13303 | D:11     | Noticed a two-headed ogre
 13331 | D:11     | Killed a two-headed ogre
 13383 | D:11     | Noticed a boulder beetle
 13383 | D:11     | Noticed a two-headed ogre
 13393 | D:11     | Found a transporter.
 13489 | D:11     | Noticed a boulder beetle
 13502 | D:11     | Found a staircase to the Lair.
 13527 | D:11     | Noticed Babbit's ghost (journeyman MiFi)
 13584 | D:11     | Noticed Lodul
 13618 | D:11     | Killed Lodul
 13619 | D:11     | Reached XP level 12. HP: 60/60 MP: 20/25
 14011 | Lair:1   | Entered Level 1 of the Lair of Beasts
 14011 | Lair:1   | Noticed Grum
 14299 | Lair:1   | Killed Grum
 14328 | Lair:1   | Reached skill level 10 in Hexes
 14610 | Lair:1   | Noticed Urug
 14781 | Lair:1   | Reached skill level 12 in Stealth
 15062 | Lair:1   | Reached **** piety under Dithmenos
 15449 | Lair:1   | Killed Urug
 15913 | Lair:2   | Found a staircase to the Shoals.
 15929 | Lair:2   | Reached skill level 10 in Short Blades
 15931 | Lair:2   | Reached skill level 10 in Dodging
 16171 | Lair:2   | You fall into a shaft and drop 1 floor!
 16181 | Lair:3   | Found the ring of the Mage {Wiz Archmagi}
 16241 | Lair:2   | Reached skill level 5 in Necromancy
 16323 | Lair:2   | Found a large runed translucent door.
 16323 | Lair:2   | Found a large runed translucent door.
 16331 | Lair:2   | Noticed Jingleheimer's ghost (journeyman OpTm)
 16441 | Lair:2   | Noticed Amaemon
 16486 | Lair:2   | Killed Amaemon
 16783 | Lair:3   | Noticed a death yak
 16783 | Lair:3   | Noticed a death yak
 16784 | Lair:3   | Noticed a death yak
 16851 | Lair:3   | Reached XP level 13. HP: 53/65 MP: 27/27
 16865 | Lair:3   | Found a staircase to the Snake Pit.
 17059 | Lair:3   | Reached skill level 1 in Air Magic
 17465 | Lair:2   | Reached skill level 13 in Stealth
 17527 | Lair:3   | Reached ***** piety under Dithmenos
 18528 | Lair:3   | Reached skill level 10 in Spellcasting
 19043 | Lair:4   | Found a viscous altar of Jiyva.
 19044 | Lair:4   | Found a staircase to the Slime Pits.
 20011 | Lair:4   | Found a runed translucent door.
 20014 | Lair:4   | Got Ablemomn's Codex of the Dragon
 20396 | Lair:4   | Noticed Ruwaz's ghost (journeyman SpRe)
 20748 | Lair:5   | Entered Level 5 of the Lair of Beasts
 21029 | Lair:5   | Identified the +2 whip of Light {protect, rC- rN+++ Will-
                  | Int+7 Stlth+}
 21370 | Lair:5   | Reached XP level 14. HP: 65/72 MP: 29/29
 21437 | Lair:5   | Reached skill level 14 in Stealth
 22083 | Lair:5   | Reached ****** piety under Dithmenos
 22957 | Orc:1    | Entered Level 1 of the Orcish Mines
 23072 | Orc:2    | Entered Level 2 of the Orcish Mines
 23320 | Orc:2    | Noticed an orc warlord
 23568 | Orc:1    | Killed an orc warlord
 23906 | Orc:2    | Found Pyorio's Jewellery Boutique.
 24086 | Orc:2    | Noticed Saint Roka
 24216 | Orc:2    | Reached skill level 10 in Transmutations
 24290 | Orc:2    | Found Adaetuag's Distillery.
 24565 | Orc:2    | Found Ydghi's Weapon Shoppe.
 24950 | Orc:2    | Found Qyguliugewk's Antique Armour Emporium.
 24953 | Orc:2    | Found Izeoruaq's Antique Weapon Shoppe.
 24982 | Orc:2    | Killed Saint Roka
 25231 | Orc:2    | Found a staircase to the Elven Halls.
 25317 | Orc:2    | Noticed Nessos
 25324 | Orc:2    | Killed Nessos
 25422 | Orc:2    | Found Deib's Weapon Emporium.
 25503 | Orc:2    | Found Akhlonir's Antique Weapon Boutique.
 25528 | Orc:2    | Found Ran Weu's Armour Boutique.
 25653 | Orc:2    | Bought the +9 sword of Zonguldrok {reap} for 1200 gold
                  | pieces
 25653 | Orc:2    | Found the +9 sword of Zonguldrok {reap}
 25917 | Orc:1    | Noticed Snorg
 25920 | Orc:1    | Killed Snorg
 26001 | Orc:1    | Identified the +4 chain mail of the Valley of Death {Int+3}
 26023 | Orc:1    | Noticed an orc warlord
 26030 | Orc:1    | Reached skill level 5 in Armour
 26050 | Orc:1    | Killed an orc warlord
 26051 | Orc:1    | Reached skill level 1 in Long Blades
 26650 | D:12     | Reached skill level 15 in Stealth
 26719 | D:12     | Found a shimmering altar of Xom.
 27313 | D:12     | Reached XP level 15. HP: 79/79 MP: 26/31
 27424 | D:12     | Reached skill level 5 in Air Magic
 27888 | D:12     | Identified the ring of Tytecwih {Drain AC+4 Int+2 Slay+3}
 27894 | D:12     | Identified the +0 pair of gloves "Wutibo" {rN+}
 27895 | D:12     | Identified the +8 halberd of Wiumpywk {venom, rF+ rC+}
 28485 | D:13     | Found a stormy altar of Qazlal.
 28930 | D:13     | Identified the +10 great sword "Kien" {spect, Dex+4}
 29396 | D:14     | Identified the +3 quarterstaff of Eppoi {flame, rF++ rCorr
                  | Dex-3 SInv}
 30441 | D:14     | Found a gate to the Vaults.
 31249 | D:15     | Entered Level 15 of the Dungeon
 31447 | D:15     | Found a staircase to the Depths.
 31705 | D:15     | Reached skill level 10 in Fighting
 32878 | Snake:1  | Entered Level 1 of the Snake Pit
 33305 | Snake:1  | Reached skill level 16 in Stealth
 35241 | Snake:2  | Reached XP level 16. HP: 85/86 MP: 33/33
 38678 | Snake:3  | Identified the +6 morningstar "Omesoyri" {flame, rCorr
                  | Stlth+}
 39018 | Snake:3  | Killed from afar by a guardian serpent

Illustrated notes

Levels and vault maps discovered:
D:1:      wheals_arrival_linesprint, layout_basic
D:2:      cheibrodos_old_hovel, layout_basic,
          dreamdust_ecumenical_altar_sealed_demon, st_stairs_1,
          kennysheep_generic_room_14, uniq_crazy_yiuf_cottage, uniq_natasha
D:3:      layout_loops_corners, minmay_tree_intersection
D:4:      layout_basic, st_stairs_10, uniq_eustachio, uniq_menkaure
D:5:      layout_basic, nicolae_overflow_two_pavilions,
          nicolae_nh_ransacked_shop, uniq_blork_the_orc
D:6:      layout_loops_cross, minmay_temple_entry_antechambers
D:7:      nzn_winding_woodlands_cross [nzn_winding_woodlands_5x15_zeroes,
          nzn_winding_woodlands_5x15_default, nzn_winding_woodlands_5x15_jagged,
          nzn_winding_woodlands_5x15_parted,
          nzn_winding_woodlands_15x15_eel_pit], layout_gridville,
          ebering_ghost_inner_flame, minmay_fractal_squares_gapless_5,
          uniq_pikel
D:8:      layout_loops_ring, disabler_island
D:9:      layout_basic, lemuel_crystal_altar, minmay_orc_entry_temple_large,
          minivault_21, grunt_ministairs_7, uniq_psyche
D:10:     layout_loops_ring, minmay_ruffians, uniq_sonja, uniq_erolcha
D:11:     layout_roguey, lair_entry_dummy, nzn_ghost_randoct, uniq_lodul
D:12:     minmay_the_grid_square_5x5_3x3 [minmay_the_grid_square_5x5_comb,
          minmay_the_grid_square_5x5_pentomino_r,
          minmay_the_grid_square_5x5_minimal,
          minmay_the_grid_square_5x5_intrusive_squares,
          minmay_the_grid_square_5x5_megaprize_open,
          minmay_the_grid_square_5x5_moneybag,
          minmay_the_grid_square_5x5_detours,
          minmay_the_grid_square_5x5_trominoes,
          minmay_the_grid_square_5x5_minibox], layout_stronghold, led_xom_imps
D:13:     layout_cave_pods, minmay_ruined_shrine
D:14:     layout_basic, lightli_vaults_fourway_checkpoint,
          hangedman_decor_clover_reticule
D:15:     grunt_enter_depths_snipers, layout_stronghold,
          grunt_decor_mini_mirrors, st_stairs_13
Temple:   nicolae_temple_bog_church
Lair:1:   layout_layer_cave, grunt_megastairs_5, uniq_grum, uniq_urug
Lair:2:   layout_roguey, nicolae_shoals_entry_roost,
          ebering_ghost_disaster_area, lemuel_fruit_fields, grunt_megastairs_4,
          uniq_amaemon
Lair:3:   layout_big_grid, minmay_snake_entry_guardpost_small, serial_bayou,
          serial_bayou_ford_a, serial_bayou_shore_a, serial_bayou_shore_b,
          serial_bayou_shore_b, minmay_lindwurm_lava,
          infiniplex_staircase_pool_2
Lair:4:   layout_cave_pods, minmay_slime_entry_jelly_boxes,
          gammafunk_ghost_grave, grunt_megastairs_3
Lair:5:   minmay_lair_end_enchanted_forest, layout_loops_ring,
          nzn_sisyphean_effort
Snake:1:  layout_basic, nrook_guardian_serpent_ordinary
Snake:2:  layout_concentric_octagons
Snake:3:  layout_basic, uniq_vashnia
Orc:1:    layout_diamond_mine, elf_legates, uniq_snorg
Orc:2:    grunt_orc_community_town_hall, layout_caves,
          grunt_orc_community_big_house_2, grunt_orc_community_big_house_2,
          grunt_orc_community_house_2, grunt_orc_community_house_2,
          grunt_orc_community_house_3, grunt_orc_community_house_2,
          grunt_orc_community_house_1, grunt_orc_community_house_2,
          serial_shops, nicolae_shop_peninsula, nicolae_lakefront_shop, shop,
          nicolae_shop_overgrown_old_shop, uniq_nessos

Skill      XL: |  1  2  3  4  5  6  7  8  9 10 11 12 13 14 15 16 |
---------------+-------------------------------------------------+-----
Hexes          | 4 5 6 8 9 10 11 | 11.0
Dodging        | 3 4 6 7 8 9 10 11 12 13 | 13.8
Spellcasting   | 3 4 5 6 7 8 9 10 11 12 | 12.6
Fighting       | 1 2 3 4 5 6 7 9 10 | 10.7
Stealth        | 5 6 8 9 10 11 12 13 15 16 | 16.5
Short Blades   | 2 3 4 5 7 9 10 | 10.0
Ice Magic      | 1 2 3 4 |  4.0
Transmutations | 1 4 6 7 9 10 11 12 | 12.1
Necromancy     | 1 2 4 5 |  5.2
Armour         | 1 2 4 5 6 |  6.3
Air Magic      | 3 4 6 |  6.5
Long Blades    | 1 3 4 |  4.1

Action                     |  1- 3 |  4- 6 |  7- 9 | 10-12 | 13-15 | 16-18 || total
---------------------------+-------+-------+-------+-------+-------+-------++-------
  Melee: Dagger            |    68 |    66 |   121 |       |       |       ||   255
         Short sword       |       |       |   154 |   691 |  1390 |   185 ||  2420
         Punch             |       |       |     5 |    13 |    16 |     3 ||    37
  Throw: Throwing net      |       |       |       |       |     1 |       ||     1
   Cast: Ensorcelled Hiber |     8 |    18 |    35 |    55 |    96 |    15 ||   227
         Confusing Touch   |       |     2 |     8 |    16 |    76 |    11 ||   113
         Tukima's Dance    |       |     1 |    35 |    24 |    88 |    24 ||   172
         Yara's Violent Un |       |       |       |     5 |    27 |     6 ||    38
         Anguish           |       |       |       |     2 |    37 |     1 ||    40
 Invoke: Shadow Step       |       |       |       |     2 |       |     3 ||     5
  Evoke: Wand              |       |       |       |       |     1 |       ||     1
    Use: Scroll            |     2 |     5 |     7 |    12 |    10 |     2 ||    38
         Potion            |       |     1 |     2 |     2 |    11 |     2 ||    18
   Stab: Sleeping          |     8 |    25 |    39 |    56 |   113 |    14 ||   255
         Invisible         |       |     1 |     1 |       |     7 |       ||     9
         Confused          |       |     3 |     4 |    13 |    78 |     8 ||   106
         Distracted        |       |       |     1 |     1 |    11 |       ||    13
 Armour: Robe              |     5 |     2 |    19 |       |       |       ||    26
         Steam dragon scal |       |       |     8 |    28 |    90 |       ||   126
         Acid dragon scale |       |       |       |       |    94 |    24 ||   118
  Dodge: Dodged            |    45 |    38 |   215 |   457 |  1119 |   171 ||  2045
  Block: Other             |       |       |       |   109 |    43 |       ||   152
         Reflection        |       |       |       |     6 |       |       ||     6
